 Dungeon Crawl Stone Soup version 0.30-a0-368-g86fb4627a9 (webtiles) character file.

Game seed: 9601396490000428361

9428 qeuew the Cleaver (level 11, -1/148 HPs)
             Began as a Minotaur Berserker on Nov 18, 2022.
             Was an Elder of Trog.
             Slain by a sun demon (13 damage)
             ... summoned by a kobold demonologist
             ... on level 9 of the Dungeon.
             The game lasted 00:08:51 (9229 turns).

qeuew the Cleaver (Minotaur Berserker)              Turns: 9229, Time: 00:08:51

Health: -1/148     AC: 10    Str: 28    XL:     11   Next: 22%
Magic:  10/10      EV: 15    Int:  4    God:    Trog [****..]
Gold:   619        SH:  0    Dex: 14    Spells: 10/10 levels left

rFire   . . .      SeeInvis .    e - +0 war axe
rCold   + . .      Faith    .    (no shield)
rNeg    . . .      Spirit   .    c - +0 ring mail
rPois   .          Reflect  .    q - +1 hat {Stlth+}
rElec   .          Harm     .    m - scarf {repulsion}
rCorr   .          Rampage  .    h - +1 pair of gloves
Will    .....                    (no boots)
Stlth   ..........               (no amulet)
HPRegen 0.44/turn                l - +6 ring of strength
MPRegen 0.12/turn                a - ring of protection from cold

@: berserking, repel missiles, very quick
A: horns 2, retaliatory headbutt
a: Renounce Religion, Berserk, Trog's Hand, Brothers in Arms


You were on level 9 of the Dungeon.
You worshipped Trog.
Trog was greatly pleased with you.
You visited 1 branch of the dungeon, and saw 9 of its levels.

You collected 619 gold pieces.

Inventory:

Hand Weapons
 e - a +0 war axe (weapon)
Armour
 c - a +0 ring mail (worn)
 h - a +1 pair of gloves (worn)
 m - a scarf of repulsion (worn)
 q - a +1 hat of stealth (worn)
Jewellery
 a - a ring of protection from cold (right hand)
 l - a +6 ring of strength (left hand)
 t - an amulet of magic regeneration
Wands
 i - a wand of flame (22) (quivered)
 n - a wand of charming (1)
 p - a wand of mindburst (2)
Scrolls
 o - 3 scrolls of teleportation
 r - a scroll of fear
 s - a scroll of torment {unknown}
Potions
 b - 5 potions of heal wounds
 d - 5 potions of curing
 f - a potion of ambrosia
 g - 3 potions of berserk rage
 j - a potion of cancellation
 k - 2 potions of flight


   Skills:
 + Level 9.8 Fighting
 * Level 13.3 Axes
 + Level 9.4 Armour
 + Level 8.7 Dodging
 + Level 4.1 Evocations


You had 10 spell levels left.
You didn't know any spells.
Your spell library was empty.

Dungeon Overview and Level Annotations

Branches:
Dungeon (9/15)             Temple (0/1) D:7
   Lair: D:8-11         Orc: D:9-12

Altars:
Dithmenos
Gozag
Kikubaaqudgha
Makhleb
Nemelex Xobeh
Okawaru
Trog
Wu Jian
Xom

Annotations:
D:5 2 transporters, ambi's ghost, novice DrTm


Innate Abilities, Weirdness & Mutations

You have a pair of horns on your head.
You reflexively headbutt those who attack you in melee.


Message History

The kobold demonologist is moderately wounded.
You slash the kobold demonologist!
You kill the kobold demonologist!
Trog accepts your kill.
Trog appreciates your killing of a magic user.
The crimson imp disappears in a puff of smoke!
You slash the kobold demonologist! The neqoxec gestures at you.
Something tries to feed on your intellect!
You barely miss the kobold demonologist.
The kobold demonologist is moderately wounded.
You slash the sun demon!
You barely miss the kobold demonologist.
The kobold demonologist barely misses you.
The kobold demonologist looks satisfied for a moment.
The sun demon hits you!
You are engulfed in flames!!
You slash the kobold demonologist!
The kobold demonologist is heavily wounded.
You hit the kobold demonologist. You hit the sun demon.
The kobold demonologist hits you with a +0 dagger.
The kobold demonologist mumbles some strange words.
The smoke demon gestures at you. Something smites you!
The sun demon barely misses you.
You hit the kobold demonologist.
The kobold demonologist is severely wounded.
You hit the sun demon. You slash the kobold demonologist!
The kobold demonologist mumbles some strange words.
The kobold demonologist hits you but does no damage.
The smoke demon gestures at you. Something smites you! The sun demon hits you!!
* * * LOW HITPOINT WARNING * * *
You are engulfed in flames!
* * * LOW HITPOINT WARNING * * *
Unknown command.
A red film seems to cover your vision as you go berserk!
You feel yourself moving faster!
You feel mighty!
The chaos spawn ululates chillingly with its many mouths.
The kobold demonologist hits you but does no damage.
The kobold demonologist misses you. The sun demon hits you!
You die...

##########
#...#....#........#
#.3K#....#........#
#3K3#....#........#
#.KK@....#........#
#.4K#....#..[.....+
#..3#....#..).....#
#...#....#........#
#...#....'........#
#...#....#........#
#...#....#........#
#...#....#....#####
#....#....#


You could see 2 sun demons, 2 kobold demonologists, a smoke demon (summoned), a
neqoxec (summoned), a chaos spawn (summoned), a kobold brigand and 2 kobolds.

Vanquished Creatures
  Gastronok (D:8)
  A two-headed ogre (D:9)
  A manticore (D:9)
  A kobold demonologist (D:9)
  2 hornets
  Prince Ribbit (D:8)
  Sigmund (D:2)
  5 yaks (D:9)
  A wyvern (D:9)
  Grum (D:8)
  2 steam dragons
  A vampire mosquito (D:8)
  Duvessa (D:5)
  3 water moccasins (D:7)
  2 ice beasts
  3 sky beasts
  4 orc warriors
  4 ogres
  4 wolves (D:8)
  4 centaurs
  3 phantoms
  A kobold brigand (D:6)
  Blork the orc (D:6)
  5 scorpions
  2 bullfrogs
  3 necrophages
  5 wights (D:8)
  Dowan (D:5)
  9 killer bees
  5 howler monkeys
  3 jellies
  5 orc priests
  7 hounds
  3 iguanas
  Crazy Yiuf (D:6)
  12 orc wizards
  8 adders
  A white imp (D:5)
  A worm (D:2)
  A dart slug (D:4)
  33 orcs
  8 endoplasms
  5 giant cockroaches
  9 goblins
  5 hobgoblins
  4 jackals (D:4)
  14 kobolds
  6 quokkas
  8 ball pythons
  8 bats
  2 frilled lizards (D:2)
  10 rats
232 creatures vanquished.

Vanquished Creatures (others)
  A bullfrog (D:8)
  A howler monkey (D:8)
  An orc wizard (D:8)
  An orc (D:8)
  6 plants (D:5)
10 creatures vanquished.

Grand Total: 242 creatures vanquished

Notes
Turn   | Place    | Note
-------+----------+-------------------------------------------
     0 | D:1      | qeuew the Minotaur Berserker began the quest for the Orb.
     0 | D:1      | Reached XP level 1. HP: 19/19 MP: 0/0
   163 | D:1      | Reached XP level 2. HP: 27/27 MP: 1/1
   165 | D:1      | Reached skill level 4 in Axes
   506 | D:1      | Reached XP level 3. HP: 33/33 MP: 2/2
   651 | D:1      | Reached ** piety under Trog
   930 | D:2      | Noticed Sigmund
   953 | D:2      | Killed Sigmund
   954 | D:2      | Reached skill level 5 in Axes
   954 | D:2      | Reached XP level 4. HP: 12/41 MP: 3/3
   954 | D:2      | Reached XP level 5. HP: 13/47 MP: 4/4
  2136 | D:3      | Reached XP level 6. HP: 53/55 MP: 5/5
  2559 | D:4      | Reached skill level 6 in Axes
  2599 | D:4      | Reached skill level 5 in Fighting
  2849 | D:4      | Reached XP level 7. HP: 33/61 MP: 6/6
  3002 | D:4      | Found an ornate altar of the Wu Jian Council.
  3129 | D:4      | Reached *** piety under Trog
  3388 | D:5      | Entered Level 5 of the Dungeon
  3406 | D:5      | Found an opulent altar of Gozag.
  3416 | D:5      | Reached skill level 7 in Axes
  3463 | D:5      | Noticed Duvessa
  3463 | D:5      | Noticed Dowan
  3466 | D:5      | Killed Dowan
  3470 | D:5      | Killed Duvessa
  3471 | D:5      | Reached skill level 5 in Armour
  3504 | D:5      | Found a transporter.
  3510 | D:5      | Found a transporter.
  3513 | D:5      | Noticed ambi's ghost (novice DrTm)
  3718 | D:5      | Found a bloodstained altar of Trog.
  3954 | D:5      | Reached skill level 5 in Dodging
  3954 | D:5      | Reached XP level 8. HP: 54/70 MP: 7/7
  3962 | D:5      | Reached skill level 8 in Axes
  4416 | D:5      | Reached skill level 9 in Axes
  4425 | D:5      | Found a sparkling altar of Nemelex Xobeh.
  4643 | D:6      | Found a burning altar of Makhleb.
  4687 | D:6      | Noticed a hornet
  4695 | D:6      | Killed a hornet
  4698 | D:6      | Reached XP level 9. HP: 45/79 MP: 8/8
  4878 | D:6      | Reached skill level 10 in Axes
  5169 | D:6      | Noticed Blork the orc
  5176 | D:6      | Reached **** piety under Trog
  5182 | D:6      | Killed Blork the orc
  5492 | D:6      | Found a runed translucent door.
  5494 | D:6      | Noticed Crazy Yiuf
  5668 | D:6      | Killed Crazy Yiuf
  5878 | D:7      | Reached skill level 1 in Evocations
  6001 | D:7      | Reached skill level 11 in Axes
  6202 | D:7      | Reached XP level 10. HP: 38/90 MP: 9/9
  6402 | D:7      | Found a staircase to the Ecumenical Temple.
  6986 | D:8      | Noticed Grum
  7001 | D:8      | Killed Grum
  7190 | D:8      | Noticed Prince Ribbit
  7203 | D:8      | Killed Prince Ribbit
  7215 | D:8      | Found an iron altar of Okawaru.
  7230 | D:8      | Reached skill level 12 in Axes
  7254 | D:8      | Found a shimmering altar of Xom.
  7516 | D:8      | Found an ancient bone altar of Kikubaaqudgha.
  7715 | D:8      | Noticed Gastronok
  7731 | D:8      | Killed Gastronok
  7731 | D:8      | Reached ***** piety under Trog
  8314 | D:9      | Noticed a manticore
  8325 | D:9      | Killed a manticore
  8533 | D:9      | Found a shadowy altar of Dithmenos.
  8645 | D:9      | Reached XP level 11. HP: 65/97 MP: 10/10
  8651 | D:9      | Reached skill level 13 in Axes
  8878 | D:9      | Noticed a two-headed ogre
  8886 | D:9      | Killed a two-headed ogre
  9218 | D:9      | Noticed a sun demon
  9229 | D:9      | Noticed a sun demon
  9229 | D:9      | Slain by a sun demon

Illustrated notes

Levels and vault maps discovered:
D:1:      eino_arrival_cavern_b, layout_loops_cross, minmay_split_cup_large
D:2:      layout_loops_cross, kennysheep_generic_room_10, uniq_sigmund
D:3:      layout_loops_ring, grunt_ministairs_1, kennysheep_nub
D:4:      layout_basic, lemuel_tele_altar
D:5:      minmay_razor_zed, layout_gridville, nicolae_overflow_crystal_walls,
          mainiacjoe_overflow_tiny_flanked, mainiacjoe_overflow_six_doors_small,
          gammafunk_ghost_gnarly_gnolls, uniq_duvessa
D:6:      layout_basic, mainiacjoe_overflow_chevrons, minivault_27, hex_tiny,
          uniq_crazy_yiuf_cottage, uniq_blork_the_orc
D:7:      layout_basic, minmay_temple_entry_proselytizer
D:8:      layout_loops_ring, xom_confusion_cloud,
          mainiacjoe_overflow_small_starburst, okawaru_trees_2,
          uniq_prince_ribbit1, uniq_grum, uniq_gastronok
D:9:      layout_grid_maze, kennysheep_mini

Skill      XL: |  1  2  3  4  5  6  7  8  9 10 11 |
---------------+----------------------------------+-----
Axes           | 4 5 6 7 9 11 12 13 | 13.3
Fighting       | 4 5 6 7 8 9 |  9.8
Armour         | 3 4 5 6 7 9 |  9.4
Dodging        | 3 4 5 6 7 8 |  8.7
Evocations     | 1 3 4 |  4.1

Action                   |  1- 3 |  4- 6 |  7- 9 | 10-12 || total
-------------------------+-------+-------+-------+-------++-------
Melee: Hand axe          |    53 |    99 |    22 |       ||   174
       Headbutt          |     9 |    16 |    38 |    38 ||   101
       War axe           |       |       |   223 |   159 ||   382
       Punch             |       |       |     1 |       ||     1
Invok: Berserk           |     1 |     1 |     2 |     3 ||     7
       Trog's Hand       |     1 |       |     1 |       ||     2
  Use: Scroll            |     4 |     3 |     3 |     2 ||    12
       Potion            |       |     4 |     1 |       ||     5
 Stab: Sleeping          |       |       |       |     1 ||     1
Armor: Animal skin       |    13 |     8 |       |       ||    21
       Ring mail         |       |    18 |    99 |    43 ||   160
Dodge: Dodged            |    33 |    58 |   148 |   127 ||   366

Table legend: (Time is in decaauts)
 A = Elapsed time spent in this place.
 B = Non-inter-level travel time spent in this place.
 C = Inter-level travel time spent in this place.
 D = Time resting spent in this place.
 E = Time spent auto-exploring this place.
 F = Levels seen in this place.
 G = Mean time per level.
                   A        B        C        D        E       F      G
               +--------+--------+--------+--------+--------+-----+--------+
         Total |   9283 |   9031 |    252 |    128 |   7545 |   9 | 1031.4 |
       Dungeon |   9283 |   9031 |    252 |    128 |   7545 |   9 | 1031.4 |
               +--------+--------+--------+--------+--------+-----+--------+

Top non-repeatable levels by time:
     D:7: 1282 daAuts
     D:5: 1239 daAuts
     D:8: 1157 daAuts
     D:6: 1104 daAuts
     D:9: 1086 daAuts
     D:1: 916 daAuts
     D:4: 841 daAuts
     D:3: 839 daAuts
     D:2: 816 daAuts
